 Dungeon Crawl Stone Soup version 0.21.1-1-g345015f (webtiles) character file.

21 Goblin1989 the Insei (level 2, -1/21 HPs)
             Began as a Demonspawn Transmuter on Mar 2, 2018.
             Slain by a frilled lizard (3 damage)
             ... on level 1 of the Dungeon.
             The game lasted 00:01:51 (857 turns).

Goblin1989 the Insei (Demonspawn Transmuter)         Turns: 857, Time: 00:01:52

Health: -1/21      AC:  2    Str: 10    XL:     2   Next: 65%
Magic:  5/5        EV: 12    Int: 14    God:
Gold:   40         SH:  0    Dex: 13    Spells: 4/5 levels left

rFire    + . .     SeeInvis .     - Unarmed
rCold    . . .     Gourm    .   (no shield)
rNeg     . . .     Faith    .   b - +0 robe
rPois    .         Spirit   .   (no helmet)
rElec    .         Reflect  .   (no cloak)
rCorr    .         Harm     .   (no gloves)
MR       .....                  (no boots)
Stlth    +.........             (no amulet)
HPRegen  0.07/turn              f - ring of protection from fire
MPRegen  0.09/turn              (no ring)

@: appendage (expiring)
A: horns 2, talons 1
a: End Transformation


You were on level 1 of the Dungeon.
You were not hungry.
You had grown temporary horns.
You visited 1 branch of the dungeon, and saw 1 of its levels.

You collected 40 gold pieces.

Inventory:

Missiles
 a - 77 arrows
 g - 15 sling bullets
 h - 29 stones (quivered)
 n - 4 needles of sleeping
Armour
 b - a +0 robe (worn)
Jewellery
 f - a ring of protection from fire (left hand)
Scrolls
 j - a scroll of immolation {unknown}
 k - 2 scrolls of identify {unknown}
 l - a scroll of amnesia {unknown}
Potions
 i - a potion of degeneration {unknown}
 m - a potion of heal wounds {unknown}
Books
 c - a book of Changes

   Spells                             Type                      Level
   a - Beastly Appendage              Transmutation                1
   b - Sticks to Snakes               Transmutation                2
   c - Spider Form                    Transmutation/Poison         3
   d - Ice Form                       Ice/Transmutation            4
   e - Blade Hands                    Transmutation                5
Comestibles
 e - 3 rations


   Skills:
 + Level 1.0 Fighting
 + Level 1.8 Dodging
 * Level 3.5 Unarmed Combat
 + Level 2.0 Spellcasting
 + Level 1.8 Transmutations


You had 4 spell levels left.
You knew the following spells:

 Your Spells              Type           Power        Failure   Level  Hunger
a - Beastly Appendage     Tmut           #.....       11%         1    ##.....


Dungeon Overview and Level Annotations

Branches:
Dungeon (1/15)

Altars:


Innate Abilities, Weirdness & Mutations

You have sharp toenails.
You have a pair of horns on your head.


Message History

You kill the bat!
No target in view!
No target in view!
No target in view!
No target in view!
No target in view!
No target in view!
No target in view!
No target in view!
No target in view!
No target in view!
No target in view!
No target in view!
No target in view!
No target in view!
No target in view!
No target in view!
No target in view!
No target in view!
No target in view!
n - 4 needles of sleeping Health restored: 21 A leopard gecko and a hobgoblin come into view.
The hobgoblin shouts!
A frilled lizard comes into view.
You hit the hobgoblin. Your kick misses the hobgoblin.
The hobgoblin is lightly wounded.
You hit the hobgoblin but do no damage.
The hobgoblin is lightly wounded.
The hobgoblin hits you but does no damage.
You hit the hobgoblin but do no damage.
The hobgoblin is lightly wounded.
The hobgoblin hits you with a club. The leopard gecko misses you.
You take 5 damage, and have 16/21 hp.
MASSIVE DAMAGE!!
You hit the hobgoblin.
You kill the hobgoblin!
The leopard gecko misses you.
You barely miss the leopard gecko. The leopard gecko bites you.
You take 4 damage, and have 12/21 hp.
You are too injured to fight recklessly!
You are too injured to fight recklessly!
You are too injured to fight recklessly!
You are too injured to fight recklessly!
You are too injured to fight recklessly!
You are too injured to fight recklessly!
You are too injured to fight recklessly!
You are too injured to fight recklessly!
You are too injured to fight recklessly!
You are too injured to fight recklessly!
You are too injured to fight recklessly!
You are too injured to fight recklessly!
You are too injured to fight recklessly!
You are too injured to fight recklessly!
You are too injured to fight recklessly!
You are too injured to fight recklessly!
You are too injured to fight recklessly!
You are too injured to fight recklessly!
You are too injured to fight recklessly!
You are too injured to fight recklessly!
You are too injured to fight recklessly!
You are too injured to fight recklessly!
You are too injured to fight recklessly!
You are too injured to fight recklessly!
You are too injured to fight recklessly!
You are too injured to fight recklessly!
You are too injured to fight recklessly!
You are too injured to fight recklessly!
Unknown command.
The leopard gecko bites you.
You take 2 damage, and have 11/21 hp.
Casting: Beastly Appendage
Confirm with . or Enter, or press ? or * to list all spells.
You grow a pair of large bovine horns.
The leopard gecko closely misses you.
You now have 4/5 mp.
You closely miss the leopard gecko. The leopard gecko closely misses you.
You miss the leopard gecko.
You claw the leopard gecko, but do no damage.
Your headbutt misses the leopard gecko. The leopard gecko bites you.
The leopard gecko barely misses you.
You take 1 damage, and have 10/21 hp.
You barely miss the leopard gecko. Your kick misses the leopard gecko.
The leopard gecko bites you.
* * * LOW HITPOINT WARNING * * *
You take 5 damage, and have 5/21 hp.
MASSIVE DAMAGE!!
You barely miss the leopard gecko. The leopard gecko closely misses you.
You completely miss the leopard gecko. The leopard gecko bites you.
* * * LOW HITPOINT WARNING * * *
You take 4 damage, and have 1/21 hp.
The leopard gecko misses you.
You barely miss the leopard gecko. You claw the leopard gecko.
The leopard gecko is severely wounded.
Your transformation is almost over.
MP restored: 5 You barely miss the leopard gecko.
The leopard gecko is severely wounded.
The leopard gecko misses you.
You hit the leopard gecko.
You kill the leopard gecko!
You completely miss the frilled lizard. The frilled lizard bites you.
You die...

..█.███.........██ █
███.█.██...........█ █ ..█...
█...........█ █ █.█..█
█.████∆████∆███ █.█..█ █.█
█.█ █..... █████.█..███.█ █.█
█..... █............█
█.███.....
█.███.██l█.███♣♣♣.........
█.█..@.♣♣♣♣8♣♣♣♣......
█.████♣♣≈≈≈≈≈≈≈♣♣█.███
█...█♣♣≈♣♣♣♣♣♣♣≈♣♣.... ██
█████.♣♣≈♣♣≈≈≈≈≈♣♣≈♣♣.██
...█▲█....l♣≈♣♣≈♣♣♣♣♣≈♣♣≈♣...
█.....█.█♣≈♣≈♣♣≈≈≈♣♣≈♣≈♣...
█.......♣♣≈♣≈♣≈♣♣≈8♣≈♣≈♣♣..
█...?.█.♣8≈♣≈♣≈♣8≈♣♣≈♣≈8♣..
█....)∆.♣♣≈♣≈♣≈♣♣≈≈≈≈♣≈♣♣█.


You could see a frilled lizard.

Vanquished Creatures
  2 dart slugs (D:1)
  A leopard gecko (D:1)
  A bat (D:1)
  2 hobgoblins (D:1)
  3 jackals (D:1)
  A frilled lizard (D:1)
  3 kobolds (D:1)
  2 rats (D:1)
15 creatures vanquished.

Notes
Turn   | Place    | Note
-------+----------+-------------------------------------------
     0 | D:1      | Goblin1989 the Demonspawn Transmuter began the quest for the Orb.
     0 | D:1      | Reached XP level 1. HP: 15/15 MP: 3/3
   153 | D:1      | Reached skill level 3 in Unarmed Combat
   161 | D:1      | Gained mutation: You have sharp toenails. [demonic ancestry]
   161 | D:1      | Reached XP level 2. HP: 6/21 MP: 5/5
   849 | D:1      | HP: 1/21 [leopard gecko (4)]
   857 | D:1      | Slain by a frilled lizard

Skill      XL: |  1 |
---------------+----+-----
Unarmed Combat | 3 |  3.5
Fighting       | |  1.0
Dodging        | |  1.8
Spellcasting   | |  2.0
Transmutations | |  1.8

Action                   || total
-------------------------++-------
Melee: Unarmed           ||    57
       Headbutt          ||     2
       Kick              ||     7
 Cast: Beastly Appendage ||     4
Armor: Robe              ||     9
Dodge: Dodged            ||    40

Vault maps used:
D:1:      nagdon_arrival_double_spiral
